Unix NetHack Version 3.7.0-66 Work-in-progress - last build Oct 24 2022 02:09:04 (0cf9ee0665dfd4e3628fd2b6ead320895a4d4695,branch:master). Game began 2022-10-25 23:22:44, ended 2022-10-25 23:25:54. aerth, neutral female human Monk .... |..<. --%... ..... ..... ..... .@G. %.. Aerth the Novice St:17 Dx:14 Co:12 In:10 Wi:13 Ch:8 Neutral Dlvl:6 $:43 HP:0(24) Pw:13(13) AC:4 Xp:3/51 T:669 Latest messages: You stop. Kipawa is in the way! The door opens. You hear the chime of a cash register. You descend the stairs. You see here a large shield. r - a large shield. You climb up the stairs. Where do you want to travel to? (For instructions type a '?') You hear a door open. "Hello, aerth! Welcome again to Kipawa's general store!" What do you want to drop? [$a-r or ?*] You drop a yellowish brown gem. Kipawa offers 4 gold pieces for your yellowish brown gem. Sell it? [ynaq] (n) What do you want to drop? [$a-ln-r or ?*] You drop a milky potion. Kipawa offers 56 gold pieces for your milky potion. Sell it? [ynaq] (n) n - a milky potion. m - a yellowish brown gem. # What do you want to call? [ac-ejl-npq or ?*] What do you want to drop? [$a-r or ?*] You drop 3 uncursed potions of healing. Kipawa offers 150 gold pieces for your potions of healing. Sell them? [ynaq] (n) e - 3 uncursed potions of healing. What do you want to drop? [$a-r or ?*] You drop a large shield. Kipawa offers 5 gold pieces for your large shield. Sell it? [ynaq] (n) You sold a large shield for 5 gold pieces. You destroy the gnome zombie! You see here a gnome corpse. You descend the stairs. The gnome misses! You kill the gnome! Welcome to experience level 3. You feel healthy! You descend the stairs. You kill the gnome! You see here a gnome corpse. You hear a D flat squeak in the distance. You hear a nearby zap. The magic missile hits you! The magic missile hits you! You hit the gnome! You hear a nearby zap. The magic missile hits you! You hear the wailing of the Banshee... The magic missile bounces! The gnome hits! You die... Inventory: Coins ('$') $ - 43 gold pieces Armor ('[') a - an uncursed +2 pair of leather gloves (being worn) b - an uncursed +1 robe (being worn) Comestibles ('%') g - 5 uncursed apples f - 3 uncursed food rations o - an uncursed food ration i - 3 uncursed fortune cookies h - 5 uncursed oranges k - 2 uncursed lichen corpses Scrolls ('?') l - an uncursed scroll of enchant weapon d - a blessed scroll of identify Spellbooks ('+') q - an uncursed spellbook of create monster c - a blessed spellbook of protection Potions ('!') n - an uncursed potion of blindness e - 3 uncursed potions of healing Gems/Stones ('*') p - an uncursed worthless piece of white glass m - an uncursed worthless piece of yellowish brown glass j - a cursed worthless piece of yellowish brown glass Aerth the Monk's attributes: Background: You were a Novice, a level 3 female human Monk. You were neutral, on a mission for Chih Sung-tzu who was opposed by Shan Lai Ching (lawful) and Huan Ti (chaotic). You were in the Gnomish Mines, on level 6. You entered the dungeon 669 turns ago. It was nighttime. There was a new moon in effect when your adventure ended. You had 51 experience points, 29 more were needed to attain level 4. Basics: You had 0 out of 24 hit points. You had all 13 energy points (spell power). Your armor class was 4. Your wallet contained 43 zorkmids. Autopickup was on for '$?!"=/*', with exceptions. Final Characteristics: Your strength was 17 (limit:18/100). Your dexterity was 14 (limit:18). Your constitution was 12 (limit:18). Your intelligence was 10 (limit:18). Your wisdom was 13 (limit:18). Your charisma was 8 (limit:18). Final Status: You were not hungry. You were unencumbered. You were empty handed. You had basic skill with martial arts. Final Attributes: You were fervently aligned. You were sleep resistant. You were poison resistant. You saw invisible. You were guarded. You were fast. You are dead. Miscellaneous: You disabled loading of bones levels. Total elapsed playing time was 3 minutes and 9 seconds. Major events: Turn 1: aerth the neutral female human Monk entered the dungeon 563: entered the Gnomish Mines 656: attained the rank of Novice (level 3) 669: killed by a gnome Vanquished creatures: a giant bat 2 gnomes a gnome zombie a gecko a jackal a kobold a goblin 2 grid bugs 2 lichens 12 creatures vanquished. No species were genocided or became extinct. Voluntary challenges: You went without food. You were an atheist. You never hit with a wielded weapon. You were illiterate. You never engraved Elbereth. You never genocided any monsters. You never polymorphed an object. You never changed form. You used no wishes. Achievements: You entered a shop. You entered the Gnomish Mines. You attained the rank of Novice. The Dungeons of Doom: levels 1 to 5 Level 1: A fountain, a sink. Level 2: An armor shop, a fountain. Level 3: Level 4: A general store. Stairs down to The Gnomish Mines. Level 5: The Gnomish Mines: levels 5 to 6 Level 5: Level 6: <- You were here. Final resting place for you, killed by a gnome. Game over: ---------- / \ / REST \ / IN \ / PEACE \ / \ | aerth | | 43 Au | | killed by a | | gnome | | | | | | 2022 | *| * * * | * _________)/\\_//(\/(/\)/\//\/|_)_______ Goodbye aerth the Monk... You died in The Gnomish Mines on dungeon level 6 with 493 points, and 43 pieces of gold, after 669 moves. You were level 3 with a maximum of 24 hit points when you died.